Map: Kairos Junction LE

Players

souL - Winner!

  • Race: Terran Terran
  • Spawn Location: 11:00

Nerchio

  • Race: Zerg Zerg
  • Spawn Location: 5:00

Event: 2019 WCS Summer

VOD

Have the link to the VOD?

Description

Time

  • Played on: July 13, 2019, 9:41 a.m.
  • Length: 16:26

All games in this series

Show
View Real Time Build Order
Export as new Build Order

souL Terran - Winner!

Build Orders: Gas First Reaper Expand, Liberator Opening 

Get SALT Encoding   

  12  0:00  SCV  
  13  0:13  SCV  
  14  0:17  Supply Depot  
  14  0:25  SCV  
  15  0:29  Refinery  
  15  0:39  SCV  
  16  0:45  Barracks  
  16  0:51  SCV  
  17  1:03  SCV  
  18  1:16  SCV  
  19  1:32  Orbital Command, Reaper  
  20  1:43  Command Center  
  20  1:54  Factory  
  20  1:59  SCV  
  21  2:06  Barracks Reactor  
  21  2:11  SCV  
  21  2:15  Supply Depot  
  22  2:17  Refinery  
  22  2:23  SCV  
  22  2:27  Bunker  
  23  2:37  SCV  
  24  2:45  Starport  
  24  2:47  Hellion  
  24  2:50  Barracks Tech Lab  
  26  2:51  SCV  
  27  2:59  Orbital Command  
  27  3:07  Hellion  
  27  3:11  SCV  
  29  3:15  Liberator  
  29  3:23  SCV  
  29  3:25  Hellion  
  29  3:26  SCV  
  33  3:29  Hellion  
  38  3:35  SCV  
  38  3:38  SCV  
  40  3:43  Supply Depot  
  40  3:44  Marine  
  40  3:47  SCV  
  42  3:50  SCV  
  42  3:53  Hellion  
  45  3:59  SCV  
  46  4:03  Barracks Tech Lab  
  46  4:05  SCV, Hellion  
  46  4:07  Supply Depot  
  49  4:12  Liberator, SCV  
  49  4:14  Hellion  
  52  4:17  SCV  
  52  4:22  Stimpack  
  52  4:24  SCV  
  54  4:29  SCV, Hellion  
  54  4:31  Supply Depot  
  60  4:33  Supply Depot  
  60  4:38  Marine  
  62  4:44  Command Center  
  61  4:50  SCV  
  62  4:53  SCV  
  63  5:01  Marine  
  63  5:02  Factory Reactor, SCV  
  63  5:03  Barracks  
  63  5:05  SCV  
  66  5:07  Barracks  
  64  5:14  SCV  
  64  5:15  Engineering Bay  
  64  5:16  Engineering Bay  
  64  5:17  SCV  
  64  5:19  Marine  
  67  5:26  SCV  
  67  5:28  Bunker, Starport Reactor  
  63  5:29  SCV  
  63  5:34  Bunker  
  64  5:37  Marine  
  64  5:38  SCV  
  64  5:41  SCV  
  67  5:44  Bunker  
  67  5:45  Terran Infantry Weapons Level 1, Terran Infantry Armor Level 1  
  67  5:49  Siege Tank  
  70  5:50  SCV  
  70  5:53  SCV  
  70  5:54  Marine  
  73  5:57  Orbital Command  
  73  5:58  Marine x2  
  73  6:01  Marine  
  73  6:02  Marine  
  73  6:03  SCV  
  78  6:05  SCV  
  78  6:08  Medivac  
  78  6:09  Medivac  
  83  6:12  Marine  
  83  6:13  Refinery  
  83  6:14  Refinery  
  83  6:16  Marine x2  
  83  6:17  SCV  
  85  6:19  Marine x2  
  85  6:20  SCV  
  86  6:28  Orbital Command  
  86  6:29  SCV  
  86  6:30  Marine  
  86  6:32  SCV, Supply Depot x2  
  89  6:34  Marine x2  
  89  6:37  Marine x2  
  93  6:49  Combat Shield  
  93  6:50  Barracks x2  
  93  6:53  Siege Tank, Marine x3, SCV x2  
  101  6:55  Marine  
  101  6:58  SCV  
  101  7:00  Supply Depot  
  101  7:01  Marine  
  104  7:04  Medivac x2  
  104  7:05  SCV x2  
  110  7:11  Marine  
  110  7:14  Marine x3  
  104  7:18  Marine, SCV  
  105  7:23  Bunker  
  105  7:25  Siege Tank  
  105  7:26  Bunker  
  105  7:29  Marine  
  109  7:31  Marine  
  109  7:32  Marine x2  
  109  7:33  SCV  
  109  7:34  Medivac  
  109  7:36  Marine  
  116  7:47  Marine, SCV x2, Sensor Tower  
  116  7:48  Refinery  
  116  7:49  Marine x2, Refinery, Barracks Reactor  
  121  7:53  Armory  
  121  7:54  Marine, SCV  
  124  7:59  SCV  
  124  8:00  Command Center  
  124  8:01  Barracks Reactor, SCV  
  124  8:06  Marine  
  124  8:10  Marine  
  125  8:19  Marine x2  
  125  8:20  Marine  
  125  8:22  Siege Tank  
  125  8:23  Marine  
  125  8:25  Marine  
  117  8:27  Marine  
  117  8:28  Marine  
  116  8:36  Marine  
  117  8:41  Orbital Command  
  117  8:43  Supply Depot  
  117  8:44  Supply Depot x2  
  117  8:55  Supply Depot  
  117  9:02  Sensor Tower  
  117  9:05  Siege Tank, Marine x5, SCV x2  
  127  9:12  SCV  
  128  9:17  Marine, SCV x2  
  128  9:19  Terran Infantry Weapons Level 2  
  131  9:24  SCV  
  131  9:25  Marine  
  131  9:29  SCV x2  
  135  9:32  Terran Infantry Armor Level 2  
  135  9:34  Marine x7  
  135  9:35  Marine  
  135  9:36  SCV  
  135  9:37  Siege Tank, Planetary Fortress  
  147  9:41  SCV x2  
  147  9:43  Marine  
  150  9:52  Marine x6  
  143  9:53  Marine x2  
  121  10:01  Marine  
  113  10:10  Marine x6  
  113  10:11  Marine x2  
  113  10:13  SCV  
  114  10:15  SCV  
  114  10:18  Marine  
  115  10:22  SCV  
  115  10:27  SCV x2  
  115  10:28  Marine x7  
  119  10:31  Marine  
  120  10:36  Marine  
  120  10:39  SCV  
  122  10:43  SCV  
  122  10:45  Marine  
  122  10:46  Marine x5  
  129  10:55  Siege Tank, Marine  
  129  10:56  Marine x2  
  135  11:03  Marine x2  
  134  11:09  Medivac  
  134  11:10  Marine  
  126  11:13  Marine  
  126  11:16  Marine x3  
  129  11:21  Marine x4  
  129  11:22  Medivac  
  135  11:27  Siege Tank  
  135  11:28  Marine  
  139  11:37  Sensor Tower  
  139  11:38  Terran Infantry Weapons Level 3  
  139  11:39  Marine, Medivac  
  142  11:49  Marine  
  142  11:52  Medivac  
  144  11:55  SCV x2  
  144  11:59  Orbital Command, Siege Tank  
  144  12:01  Refinery  
  149  12:05  Refinery  
  149  12:07  SCV  
  149  12:10  Supply Depot x2  
  149  12:11  SCV, Medivac  
  152  12:20  SCV  
  146  12:23  Marine, SCV, Missile Turret  
  146  12:27  SCV  
  149  12:31  Siege Tank  
  149  12:32  SCV  
  149  12:35  SCV  
  149  12:36  Refinery  
  154  12:37  Factory  
  154  12:39  SCV  
  154  12:41  Marine  
  154  12:44  SCV  
  157  12:46  Orbital Command  
  157  12:47  SCV  
  157  12:51  Marine  
  159  12:54  Marine  
  157  13:02  Marine x5  
  157  13:03  Siege Tank  
  165  13:09  Marine  
  165  13:11  Marine  
  165  13:12  Marine  
  150  13:20  Marine x4  
  153  13:31  Marine  
  152  13:35  Siege Tank  
  152  13:36  Marine  
  152  13:39  Command Center  
  152  13:40  Factory Tech Lab  
  155  13:48  Sensor Tower, SCV  
  156  13:53  SCV  
  156  13:54  Marine  
  158  14:05  Marine x7, SCV  
  166  14:16  Siege Tank  
  165  14:22  Marine  
  166  14:36  Siege Tank, Marine, SCV x2  
  160  14:41  Marine  
  161  14:48  Siege Tank, SCV x2  
  166  14:58  Marine x3  
  166  14:59  Supply Depot  
  159  15:00  SCV x2  
  161  15:08  Siege Tank  
  161  15:10  Marine  
  161  15:11  Planetary Fortress  
  161  15:12  Marine, SCV x2  
  161  15:15  Marine  
  161  15:21  Marine x3  
  162  15:24  SCV  
  162  15:26  Command Center  
  160  15:28  Marine  
  160  15:30  Marine  
  160  15:31  Marine x3  
  160  15:32  Marine  
  159  15:39  Marine x3  
  155  15:46  Marine  
  155  15:48  Marine  
  155  15:49  Marine x3  
  159  15:50  Marine  
  159  15:56  Marine  
  159  15:57  Marine x2  
  161  16:04  Marine  
  166  16:05  Marine  
  166  16:07  Marine x3  
Show
View Real Time Build Order
Export as new Build Order

Nerchio Zerg 

Build Orders: Pool First 

Get SALT Encoding   

  12  0:00  Drone  
  13  0:12  Overlord  
  13  0:17  Drone  
  14  0:30  Drone x2  
  14  0:34  Drone  
  17  0:44  Extractor  
  17  0:45  Drone  
  17  0:49  Spawning Pool  
  16  0:55  Drone  
  17  1:13  Hatchery  
  17  1:17  Drone  
  17  1:36  Zergling x4  
  17  1:37  Queen  
  21  1:49  Metabolic Boost  
  21  1:52  Overlord  
  21  1:56  Drone  
  22  2:11  Drone x2  
  22  2:12  Queen  
  26  2:21  Drone  
  27  2:25  Drone  
  28  2:33  Drone  
  28  2:35  Drone  
  30  2:42  Drone  
  31  2:45  Drone x2  
  31  2:46  Drone x2  
  35  2:55  Hatchery  
  34  2:59  Overlord  
  34  3:03  Drone  
  35  3:13  Drone  
  35  3:17  Queen  
  35  3:19  Drone x3  
  41  3:22  Overlord  
  41  3:24  Drone  
  42  3:27  Drone  
  42  3:32  Drone  
  44  3:41  Lair, Extractor  
  44  3:42  Drone x3  
  46  3:53  Queen  
  48  3:58  Roach Warren  
  48  4:00  Drone x4, Evolution Chamber  
  50  4:07  Overlord  
  50  4:09  Drone x2  
  53  4:10  Drone  
  53  4:14  Queen  
  55  4:22  Drone, Spore Crawler  
  55  4:24  Overlord  
  55  4:26  Drone x2  
  55  4:27  Drone  
  58  4:32  Zerg Ground Armor Level 1  
  58  4:36  Overlord  
  58  4:39  Glial Reconstitution  
  58  4:44  Roach x2  
  58  4:45  Roach  
  64  4:47  Roach  
  64  4:51  Roach  
  68  5:06  Drone x11  
  71  5:27  Drone  
  71  5:28  Drone x7  
  78  5:30  Overlord  
  78  5:31  Extractor  
  78  5:33  Drone x2  
  78  5:34  Drone  
  80  5:40  Extractor, Overlord  
  80  5:41  Evolution Chamber, Overlord  
  78  5:43  Overseer  
  76  5:55  Extractor  
  76  5:56  Extractor  
  76  5:57  Drone x3  
  76  6:02  Roach x7  
  76  6:03  Roach  
  93  6:12  Zerg Missile Weapons Level 1  
  93  6:21  Drone  
  93  6:22  Drone x6  
  100  6:27  Zerg Ground Armor Level 2  
  100  6:31  Hatchery  
  100  6:32  Baneling Nest, Overlord  
  98  6:42  Roach x4  
  98  6:44  Overlord  
  106  6:48  Overlord x2  
  106  6:52  Roach x2  
  110  6:59  Roach x2  
  110  7:00  Overlord x2  
  111  7:12  Drone x9  
  115  7:18  Roach  
  115  7:19  Roach x2  
  121  7:25  Ravager  
  121  7:26  Ravager x5  
  121  7:28  Roach x3  
  133  7:31  Roach  
  133  7:34  Roach x2  
  133  7:36  Zergling x2  
  133  7:37  Zergling x2  
  141  7:41  Roach x2  
  141  7:43  Roach  
  147  7:47  Ravager x2, Roach x2  
  147  7:49  Overlord  
  147  7:51  Overseer  
  153  7:53  Overlord  
  153  7:56  Overlord  
  153  7:58  Overlord  
  153  8:10  Zergling x10  
  153  8:11  Zergling x6  
  159  8:14  Centrifical Hooks  
  159  8:15  Zerg Melee Weapons Level 1  
  159  8:16  Zergling x2  
  159  8:17  Zergling x2  
  149  8:41  Hatchery  
  149  8:42  Zergling x16  
  156  8:48  Hatchery  
  156  8:51  Zergling x12  
  156  8:54  Ravager  
  156  8:55  Ravager x2  
  164  8:59  Baneling x10  
  164  9:00  Baneling x2  
  164  9:05  Zergling x2  
  164  9:06  Zergling x6  
  164  9:09  Overseer  
  168  9:12  Baneling x8  
  168  9:18  Zergling x10  
  173  9:24  Baneling x9  
  173  9:25  Baneling x2  
  173  9:26  Baneling  
  174  9:34  Zergling x2  
  174  9:35  Zergling x16  
  181  9:47  Roach x5  
  168  9:55  Roach x4  
  168  9:58  Roach x5  
  163  10:03  Roach  
  163  10:06  Roach x3  
  163  10:09  Roach x2  
  163  10:13  Roach x2  
  164  10:18  Roach x2  
  165  10:27  Hatchery  
  160  10:35  Zergling x6  
  160  10:37  Ravager  
  160  10:38  Ravager  
  160  10:41  Overlord  
  160  10:42  Overlord x3  
  164  10:52  Overlord  
  166  11:04  Roach x3  
  146  11:15  Zergling x2  
  146  11:16  Zergling x2  
  141  11:20  Baneling x4  
  141  11:23  Zergling x2  
  136  11:30  Zergling x2  
  137  11:36  Hatchery  
  137  11:37  Zergling x2  
  137  11:38  Zergling x2  
  138  11:40  Queen  
  138  11:43  Zergling x2  
  138  11:44  Zerg Melee Weapons Level 2  
  141  11:53  Zergling x4  
  142  11:58  Hatchery  
  142  11:59  Zergling x6  
  144  12:03  Zergling x2  
  145  12:09  Zergling x2  
  145  12:10  Zergling x6  
  149  12:18  Zergling x2  
  149  12:19  Zergling x4  
  151  12:23  Zergling x4  
  151  12:24  Baneling  
  151  12:25  Baneling x11  
  151  12:29  Zergling x4  
  155  12:32  Zergling x2  
  155  12:36  Baneling x8  
  155  12:44  Baneling x12  
  155  12:49  Zergling x6  
  155  13:00  Zergling x14  
  158  13:08  Roach  
  158  13:09  Roach x3  
  154  13:14  Roach  
  154  13:19  Roach x2  
  155  13:30  Hatchery  
  147  13:53  Drone x7, Hatchery  
  153  14:04  Overlord  
  150  14:27  Spawning Pool  
  150  14:28  Ravager  
  150  14:29  Ravager x12  
  162  14:34  Hatchery  
  146  14:41  Roach x4  
  153  14:48  Baneling x9  
  148  15:19  Zergling x30  
  163  15:24  Ravager x2  
  163  15:28  Hatchery  
  137  15:45  Baneling x27  
  137  15:47  Zergling x10  
  142  15:53  Zergling x8  
  146  16:06  Zergling x2  
  146  16:07  Zergling x8  
Tags
 
Add a new tag
Caveats
  • Supply blocks, unpowered buildings, or Contaminate may cause inaccurate times.
  • Supply counts are checked every 10 seconds.